AoeStats
← BigOleGiraffe

Arena

510046817Analyzed
2v2 RM · 4d ago on Sep 29, 2026· 47m 28s· 4 players
Game mode
Random Map
Map size
Medium (4 player)
Population
200
Speed
Normal
Resources
Standard
Victory
Conquest
Starting age
Dark Age
Ending age
Imperial Age
RankedLock teamsTeams togetherTeam positionsShared explorationLock speedFull tech treeHidden civsTurbo modeCheats
Victory
Defeat
🇨🇦 Varangians · Canada
1042
+11
🇨🇦 Danes · Canada
949
+15
🇬🇧 Bulgarians · United Kingdom
926
-13
🇬🇧 Mongols · United Kingdom
926
-13
BigOleGiraffe
9:58 Feudal Age
12:05 Double-Bit Axe
15:08 Castle Age
21:27 Fletching
24:50 Bodkin Arrow
25:33 Bloodlines
25:23 Husbandry
26:04 Padded Archer Armor
31:33 Loom
32:23 Wheelbarrow
33:08 Ballistics
33:15 Gold Mining
33:38 Bow Saw
36:53 Imperial Age
34:40 Hand Cart
35:35 Leather Archer Armor
36:06 Murder Holes
36:22 Fortified Wall
36:36 Stone Mining
37:39 Scale Barding Armor
36:58 Cranequins
37:52 Bracer
39:40 Two-Man Saw
40:03 Ring Archer Armor
40:46 Chemistry
40:52 Conscription
41:18 Heavy Mounted Crossbowman
41:34 Cavalier
46:54 Chain Barding Armor
46:45 Forging
47:10 Siege Engineers
47:16 Masonry
vince.dion123
10:21 Feudal Age
14:42 Castle Age
13:34 Loom
14:27 Double-Bit Axe
26:20 Scale Mail Armor
28:46 Squires
28:39 Horse Collar
29:34 Fletching
31:26 Bow Saw
37:27 Imperial Age
34:53 Gold Mining
35:40 Chain Mail Armor
36:25 Town Watch
37:16 Wheelbarrow
36:53 Forging
38:39 Siege Engineers
40:49 Iron Casting
40:44 Plate Mail Armor
40:36 Conscription
42:24 Gold Shaft Mining
42:54 Blast Furnace
42:24 Arson
44:10 Chemistry
43:31 Ballistics
44:43 Hand Cart
44:28 Town Patrol
43:57 Hamask
45:34 Heavy Plow
46:14 Elite Jomsviking
Tom?
9:21 Feudal Age
10:07 Horse Collar
11:41 Double-Bit Axe
12:27 Bloodlines
16:21 Loom
19:24 Forging
21:30 Castle Age
23:03 Husbandry
24:56 Light Cavalry
25:51 Scale Barding Armor
27:47 Chain Barding Armor
28:30 Gold Mining
28:53 Bow Saw
32:10 Heavy Plow
32:40 Stone Mining
33:50 Gold Shaft Mining
34:16 Iron Casting
34:01 Fletching
37:58 Padded Archer Armor
41:47 Bodkin Arrow
42:57 Stone Shaft Mining
43:12 Thumb Ring
44:14 Elite Skirmisher
KingZog
4:54 Loom
12:08 Feudal Age
13:12 Town Watch
14:29 Wheelbarrow
13:47 Double-Bit Axe
13:53 Horse Collar
15:17 Wheelbarrow
15:34 Stone Mining
15:35 Gold Mining
21:42 Castle Age
22:15 Scale Mail Armor
22:27 Forging
22:56 Fletching
23:36 Murder Holes
25:19 Bodkin Arrow
25:13 Gambesons
26:10 Scale Barding Armor
26:40 Iron Casting
27:08 Masonry
29:08 Ballistics
35:08 Bloodlines
34:59 Husbandry
36:20 Gold Shaft Mining
36:23 Stone Shaft Mining
39:25 Bow Saw
39:17 Heavy Plow
39:37 Hand Cart
41:04 Chain Barding Armor
44:24 Elite Skirmisher
45:09 Thumb Ring
48:55 Imperial Age
Connection lost

Rejoining the realm…

Still unreachable

The connection could not be restored.

Session expired

The server has moved on; the page needs a fresh start.